AoeStats
← KRM Draykon

Fortress

510169833Analyzed
4v4 RM · 3d ago on Sep 29, 2026· 68m 24s· 8 players
Game mode
Random Map
Map size
Huge
Population
200
Speed
Normal
Resources
Standard
Victory
Conquest
Starting age
Dark Age
Ending age
Imperial Age
RankedLock teamsTeams togetherTeam positionsShared explorationLock speedFull tech treeHidden civsTurbo modeCheats
Victory
Defeat
🇮🇹 Goths · Italy
813
+13
🇫🇷 Spanish · France
809
+14
🇦🇹 Hindustanis · Austria
762
+16
🇹🇷 Turks · Türkiye
709
+17
🇵🇪 Persians · Peru
783
-16
🇦🇷 Shu · Argentina
750
-15
🇲🇽 Lithuanians · Mexico
747
-15
🇺🇦 Bulgarians · Ukraine
738
-14
anzolablan
10:00 Feudal Age
8:18 Loom
12:00 Wheelbarrow
12:24 Stone Mining
12:24 Gold Mining
16:00 Castle Age
14:22 Double-Bit Axe
15:12 Horse Collar
16:26 Forging
16:22 Scale Barding Armor
18:19 Fervor
19:40 Iron Casting
20:15 Heavy Plow
20:56 Bow Saw
23:16 Stone Shaft Mining
23:02 Hand Cart
23:19 Ballistics
25:16 Bloodlines
27:26 Treadmill Crane
27:41 Murder Holes
27:57 Fortified Wall
27:58 Masonry
29:13 Chain Barding Armor
31:42 Imperial Age
31:43 Husbandry
32:23 Redemption
33:46 Crop Rotation
33:57 Hoardings
33:43 Conscription
32:44 Elite Leitis
33:54 Capped Ram
35:59 Plate Barding Armor
38:52 Cavalier
40:45 Fletching
40:55 Padded Archer Armor
41:26 Bodkin Arrow
42:37 Bracer
42:53 Leather Archer Armor
42:02 Elite Skirmisher
42:48 Thumb Ring
46:27 Chemistry
58:40 Paladin
AlandorH
5:54 Loom
7:41 Feudal Age
9:37 Wheelbarrow
15:35 Castle Age
13:47 Stone Mining
13:45 Double-Bit Axe
15:19 Wheelbarrow
15:05 Horse Collar
15:43 Fletching
15:53 Padded Archer Armor
15:53 Gold Mining
18:11 Crossbowman
21:13 Bodkin Arrow
21:34 Leather Archer Armor
23:28 Thumb Ring
23:21 Treadmill Crane
24:02 Ballistics
24:45 Bow Saw
25:56 Gold Shaft Mining
26:38 Town Watch
27:11 Leather Archer Armor
32:15 Imperial Age
30:22 Squires
29:42 Pikeman
31:58 Hand Cart
32:04 Masonry
32:17 Caravan
34:24 Chemistry
34:16 Siege Engineers
33:36 Arbalester
36:30 Conscription
37:42 Two-Man Saw
37:36 Scale Mail Armor
37:47 Forging
37:38 Bracer
42:07 Architecture
42:43 Chain Mail Armor
43:05 Ring Archer Armor
43:07 Chain Mail Armor
44:41 Bolt Magazine
45:12 Guilds
45:45 Town Patrol
46:18 Plate Mail Armor
45:59 Heavy Plow
46:43 Coiled Serpent Array
46:06 Elite White Feather Guard
48:31 Arson
67:22 Elite Skirmisher
ZzzzZzZzZZZZzz
8:16 Feudal Age
8:31 Horse Collar
8:38 Double-Bit Axe
10:33 Loom
14:11 Castle Age
14:06 Bloodlines
14:10 Scale Barding Armor
16:09 Gold Mining
17:18 Bow Saw
18:03 Gold Shaft Mining
19:11 Wheelbarrow
18:57 Forging
19:10 Husbandry
19:52 Heavy Plow
20:29 Chain Barding Armor
21:22 Hand Cart
22:32 Iron Casting
28:48 Imperial Age
30:14 Chemistry
30:39 Elite War Elephant
32:25 Blast Furnace
38:28 Plate Barding Armor
39:29 Caravan
39:11 Cavalier
41:12 Savar
44:22 Two-Man Saw
43:53 Crop Rotation
44:08 Conscription
56:18 Pikeman
57:00 Squires
56:46 Gambesons
57:09 Scale Mail Armor
57:00 Gambesons
57:21 Town Watch
57:29 Arson
57:05 Halberdier
60:32 Chain Mail Armor
PERSI乛KITLER
7:46 Feudal Age
6:02 Loom
12:14 Castle Age
10:17 Horse Collar
10:27 Double-Bit Axe
11:25 Gold Mining
13:07 Bow Saw
15:13 Wheelbarrow
16:24 Heavy Plow
22:14 Gold Shaft Mining
25:56 Imperial Age
23:47 Scale Barding Armor
24:29 Chain Barding Armor
24:11 Stirrups
25:45 Forging
25:28 Fletching
25:59 Bodkin Arrow
27:08 Conscription
26:37 Elite Konnik
28:39 Plate Barding Armor
28:40 Iron Casting
30:31 Hand Cart
32:08 Bloodlines
31:59 Husbandry
33:09 Blast Furnace
32:10 Scale Mail Armor
35:18 Chain Mail Armor
35:06 Bracer
40:00 Caravan
41:24 Plate Mail Armor
40:32 Light Cavalry
42:55 Hussar
48:36 Padded Archer Armor
50:26 Parthian Tactics
49:26 Heavy Cavalry Archer
KRM Draykon
8:29 Feudal Age
11:41 Gold Mining
11:44 Stone Mining
11:42 Double-Bit Axe
11:43 Horse Collar
15:57 Castle Age
16:09 Wheelbarrow
17:55 Stone Shaft Mining
17:33 Bow Saw
17:28 Heavy Plow
20:15 Husbandry
20:27 Bloodlines
28:35 Imperial Age
26:46 Forging
26:42 Scale Barding Armor
26:28 Fletching
26:39 Padded Archer Armor
28:20 Fletching
28:31 Padded Archer Armor
29:10 Iron Casting
28:56 Chain Barding Armor
30:17 Conscription
31:35 Two-Man Saw
31:26 Ballistics
32:14 Chemistry
31:54 Leather Archer Armor
31:49 Bodkin Arrow
32:31 Cavalier
34:49 Plate Barding Armor
35:18 Blast Furnace
33:51 Paladin
35:04 Bracer
35:46 Ring Archer Armor
40:17 Hand Cart
39:48 Loom
39:48 Town Watch
40:36 Caravan
54:32 Murder Holes
54:49 Masonry
yellowmonday
2:56 Loom
7:57 Feudal Age
12:56 Double-Bit Axe
12:54 Horse Collar
15:49 Castle Age
14:00 Gold Mining
15:23 Stone Mining
18:10 Bow Saw
19:13 Wheelbarrow
18:43 Heavy Plow
20:20 Stone Shaft Mining
21:47 Hand Cart
23:20 Squires
22:43 Pikeman
23:31 Scale Mail Armor
26:59 Ballistics
27:52 Chain Mail Armor
32:03 Imperial Age
31:17 Forging
31:12 Anarchy
32:34 Iron Casting
33:10 Perfusion
34:30 Chemistry
34:58 Blast Furnace
33:55 Halberdier
40:39 Fletching
42:26 Elite Huskarl
45:58 Man-at-Arms
48:10 Two-Man Saw
48:49 Caravan
bigame
8:55 Feudal Age
14:13 Castle Age
26:22 Imperial Age
25:00 Wheelbarrow
25:23 Double-Bit Axe
25:22 Horse Collar
25:41 Gold Mining
27:11 Gold Shaft Mining
26:32 Stone Mining
26:55 Heavy Plow
27:18 Bow Saw
27:24 Bow Saw
29:50 Conscription
30:53 Two-Man Saw
30:20 Elite Janissary
33:41 Scale Mail Armor
35:08 Hand Cart
37:33 Heavy Camel Rider
38:14 Husbandry
38:24 Bloodlines
44:24 Forging
44:29 Chain Mail Armor
44:20 Scale Barding Armor
44:06 Fletching
44:16 Padded Archer Armor
47:17 Iron Casting
47:12 Plate Mail Armor
58:08 Chain Barding Armor
58:04 Leather Archer Armor
57:45 Bodkin Arrow
58:47 Caravan
59:18 Coinage
60:11 Caravan
60:41 Coinage
60:22 Guilds
65:21 Blast Furnace
64:57 Plate Barding Armor
64:52 Ring Archer Armor
64:23 Bracer
promitheas
7:57 Feudal Age
7:40 Loom
8:42 Double-Bit Axe
8:40 Horse Collar
8:54 Gold Mining
8:56 Stone Mining
12:05 Wheelbarrow
16:21 Castle Age
16:20 Scale Barding Armor
17:34 Bow Saw
18:15 Fervor
19:53 Heavy Plow
22:57 Hand Cart
23:53 Ballistics
23:06 Elite Skirmisher
29:14 Imperial Age
27:55 Gold Shaft Mining
28:52 Stone Shaft Mining
28:39 Chain Barding Armor
29:21 Masonry
29:23 Fortified Wall
29:40 Caravan
30:36 Conscription
30:25 Grand Trunk Road
29:54 Heavy Camel Rider
31:51 Plate Barding Armor
33:07 Chemistry
35:55 Imperial Camel Rider
42:52 Fletching
43:02 Padded Archer Armor
45:59 Leather Archer Armor
45:40 Bodkin Arrow
46:06 Town Watch
Connection lost

Rejoining the realm…

Still unreachable

The connection could not be restored.

Session expired

The server has moved on; the page needs a fresh start.